 Dungeon Crawl Stone Soup version 0.19.5 (webtiles) character file.

693053 JeffiDaFish the Hoplite (level 27, -17/197 HPs)
             Began as a Gargoyle Fighter on Nov 1, 2017.
             Was the Champion of Okawaru.
             Killed from afar by a Brimstone Fiend (44 damage)
             ... with damnation
             ... in Pandemonium on Nov 5, 2017.
             The game lasted 03:59:51 (64185 turns).

JeffiDaFish the Hoplite (Gargoyle Fighter)         Turns: 64185, Time: 03:59:51

Health: -17/197    AC: 59    Str: 27    XL:     27
Magic:  35/38      EV: 22    Int: 11    God:    Okawaru [******]
Gold:   8144       SH: 34    Dex: 30    Spells: 5 memorised, 21 levels left

rFire  + . .     SeeInvis +     v - +8 morningstar "Nomaog" {drain, +Blink}
rCold  + . .     Gourm    .     H - +9 swamp dragon scales of Parts Unknown {rPois rCorr Dex+8 SInv}
rNeg   + . .     Faith    .     U - +7 large shield of the Burgomaster {rPois rC+}
rPois  ∞         Spirit   .     a - +2 hat
rElec  +         Reflect  .     C - +1 cloak of the Eagle {rC+ Dex+4}
rCorr  +         Harm     .     J - +2 pair of gloves {Str+3}
MR     ++...                    V - +2 pair of boots {Stlth+}
Stlth  ++........               t - amulet of regeneration
                                (no ring)
                                S - ring "Nirred" {Fire Str+2}

@: finesse, flying
A: big wings, rugged brown scales 2, blurry vision 1, negative energy resistance
1, electricity resistance, unbreathing, petrification resistance, rot immunity,
MP-powered wands, AC +20
a: Stop Flying, Heroism, Finesse, Renounce Religion, Evoke Blink
}: 4/15 runes: decaying, serpentine, silver, fiery


You were in Pandemonium.
You worshipped Okawaru.
Okawaru was exalted by your worship.
You were not hungry.

You visited 11 branches of the dungeon, and saw 49 of its levels.
You visited Pandemonium 1 time, and saw 7 of its levels.
You visited the Abyss 1 time.
You also visited: Labyrinth, Ice Cave and Desolation.

You collected 9608 gold pieces.
You spent 1464 gold pieces at shops.

Inventory:

Hand Weapons
 v - the +8 morningstar "Nomaog" (weapon) {drain, +Blink}
   (You found it on level 1 of the Lair of Beasts)

   A truly terrible weapon, it drains the life of those it strikes.
   It lets you blink.
 O - a +9 morningstar of venom
Armour
 a - a +2 hat (worn)
 C - the +1 cloak of the Eagle (worn) {rC+ Dex+4}
   (You bought it in a shop on level 8 of the Dungeon)

   It affects your dexterity (+4).
   It protects you from cold.
 D - a +5 plate armour of fire resistance
 H - the +9 swamp dragon scales of Parts Unknown (worn) {rPois rCorr Dex+8 SInv}
   (You found it in a labyrinth)

   It affects your dexterity (+8).
   It protects you from poison.
   It lets you see invisible.
   It protects you from acid and corrosion.
 J - a +2 pair of gloves of strength (worn)
 U - the +7 large shield of the Burgomaster (worn) {rPois rC+}
   (Okawaru gifted it to you on level 4 of the Depths)

   It protects you from cold.
   It protects you from poison.
 V - a +2 pair of boots of stealth (worn)
Jewellery
 t - an amulet of regeneration (around neck)
 x - the ring "Ajeebly" {Ice *Slow Int+4 Dex+2}
   (You found it on level 1 of the Lair of Beasts)

   [ring of ice]

   It enhances your ice magic.
   It affects your intelligence (+4).
   It affects your dexterity (+2).
   It makes you vulnerable to fire.
   It protects you from cold.
   It may slow you when you take damage.
 S - the ring "Nirred" (left hand) {Fire Str+2}
   (You found it in the Desolation of Salt)

   [ring of fire]

   It enhances your fire magic.
   It affects your strength (+2).
   It protects you from fire.
   It makes you vulnerable to cold.
Wands
 p - a wand of polymorph (13/24)
 B - a wand of heal wounds (3/9)
 E - a wand of hasting (7/9)
Scrolls
 b - 8 scrolls of identify
 d - a scroll of enchant armour
 e - 32 scrolls of remove curse
 g - 6 scrolls of teleportation
 m - 4 scrolls of fog
 s - 4 scrolls of magic mapping
 y - 7 scrolls of amnesia
 F - 2 scrolls of blinking
 I - 7 scrolls of fear
 L - 6 scrolls of recharging
 Q - 4 scrolls of enchant weapon
Potions
 c - a potion of resistance
 i - 7 potions of curing
 n - 2 potions of might
 o - 2 potions of brilliance (quivered)
 w - a potion of cancellation
 z - 3 potions of ambrosia
 G - 9 potions of agility
 K - 7 potions of haste
 T - 3 potions of berserk rage
Books
 q - a book of Power

   Spells                             Type                      Level
   a - Fulminant Prism                Conjuration/Hexes            4
   b - Iskenderun's Mystic Blast      Conjuration                  4
   c - Venom Bolt                     Conjuration/Poison           5
   d - Bolt of Magma                  Conjuration/Fire/Earth       5
   e - Iron Shot                      Conjuration/Earth            6
   f - Orb of Destruction             Conjuration                  7
   g - Spellforged Servitor           Conjuration/Summoning        7
 r - Tischoweibb's Catalogue of Flamy Execration
   (You found it in Pandemonium)

   Spells                             Type                      Level
   a - Flame Tongue                   Conjuration/Fire             1
   b - Ensorcelled Hibernation        Hexes/Ice                    2
   c - Summon Guardian Golem          Hexes/Summoning              3
   d - Confuse                        Hexes                        3
   e - Invisibility                   Hexes                        6
 P - a book of Fire

   Spells                             Type                      Level
   a - Ignite Poison                  Fire/Transmutation/Poison    3
   b - Fireball                       Conjuration/Fire             5
   c - Bolt of Fire                   Conjuration/Fire             6
   d - Delayed Fireball               Conjuration/Fire             7
   e - Ring of Flames                 Charms/Fire                  7
Comestibles
 f - 30 bread rations
 h - 30 meat rations
 j - 4 chunks of flesh
 k - 12 beef jerkies
 l - 42 fruits
 u - 8 slices of pizza


   Skills:
 * Level 23.3 Fighting
 * Level 22.7 Maces & Flails
 * Level 23.3 Armour
 - Level 10.4 Dodging
 - Level 2.3 Stealth
 * Level 23.7 Shields
 + Level 11.6 Spellcasting
 + Level 15.9 Conjurations
 + Level 13.0 Earth Magic
 - Level 11.1 Invocations
 - Level 6.6 Evocations


You had 21 spell levels left.
You knew the following spells:

 Your Spells              Type           Power        Failure   Level  Hunger
a - Orb of Destruction    Conj           #####.....   21%         7    #######
b - Iron Shot             Conj/Erth      #####.....   10%         6    #######
c - Mephitic Cloud        Conj/Pois/Air  ###.....     6%          3    ##.....
d - Ignite Poison         Fire/Tmut/Pois #.......     56%         3    ##.....
e - Shatter               Erth           #####.....   100%        9    #######


Dungeon Overview and Level Annotations

Branches:
Dungeon (15/15)            Temple (1/1) D:4            Lair (6/6) D:11
  Swamp (4/4) Lair:3        Snake (4/4) Lair:2        Slime (3/5) Lair:6
    Orc (2/2) D:10            Elf (3/3) Orc:2        Vaults (5/5) D:13
  Crypt (0/3) Vaults:2     Depths (5/5) D:15           Hell (1/1)
    Zot (0/5) Depths:5
    Dis: Hell:1         Geh: Hell:1         Coc: Hell:1         Tar: Hell:1

Altars:
Ashenzari
Cheibriados
Dithmenos
Elyvilon
Fedhas
Gozag
Hepliaklqana
Kikubaaqudgha
Makhleb
Nemelex Xobeh
Okawaru
Qazlal
Ru
Sif Muna
Trog
Uskayaw
Vehumet
Xom
Yredelemnul
Zin
The Shining One
Beogh

Shops:
D:7 }   D:8 %[(*   D:14 %   Orc:1 (   Orc:2 (%%?}   Depths:2 !**   Depths:3 [((

Portals:
Hell: Depths:1 Depths:2 Depths:3 Depths:4 Depths:5
Abyss: Depths:4
Pandemonium: Depths:3 Depths:5
Ziggurat: Depths:1
Trove: D:11 (give 14 potions of curing)

Annotations:
D:10 exclusion: oklob plant
Hell Geryon


Innate Abilities, Weirdness & Mutations

You are resistant to torment.
Your stone body is resilient. (AC +20)
You are immune to poison.
Your large and strong wings let you fly indefinitely.
You resist negative energy. (rN+)
You are resistant to electric shocks. (rElec)
You can survive without breathing.
You are immune to petrification.
You are immune to rotting.
You are mostly covered in rugged brown scales. (AC +2, +5% HP)
Scrolls take you a little longer to read.
You expend magic power (3 MP) to strengthen your wands.


Message History

The Brimstone Fiend is heavily wounded.
You block the Brimstone Fiend's attack. x2; The Brimstone Fiend misses you.
You completely miss the Brimstone Fiend.
The Brimstone Fiend is heavily wounded.
You barely miss the Brimstone Fiend.
The Brimstone Fiend is heavily wounded.
You hit the Brimstone Fiend but do no damage.
The Brimstone Fiend is heavily wounded.
The Brimstone Fiend gestures at you.
The sphere of damnation explodes!
The damnation engulfs you!
* * * LOW HITPOINT WARNING * * *
The damnation engulfs the Brimstone Fiend.
The Brimstone Fiend completely resists.
You impale the Brimstone Fiend!!
The Brimstone Fiend is severely wounded.
You sock the Brimstone Fiend!
The Brimstone Fiend is almost dead.
The Brimstone Fiend gestures at you.
The sphere of damnation explodes!
The damnation engulfs you!
You die...

.........# #.#
#....###....#.
##.......# #.#
#....# ##...#.
###......# #.# #....
##.... .###.....#
#.# #.# ###...
..∩##....# #.# #.#
#..... ...#######
#.#.#.# #..... ....#
#.#.#.#######.....
##..##
#.#...............
....∩#
###@###.#######...#.
##..## #.1......#
#..... ....#
#.#..###.#### #...#4
...## #............#
#...#. ..∩#
#..#'####'#..#
#...#. .### #. #..
...##3# #...#. ## #
.#....#.'.# #####.
..#''# .#.# #. ..'..
..#.## #.


You could see a Brimstone Fiend.

Vanquished Creatures
  Cerebov (Pan)
  Mara (Swamp:3)
  6 ancient liches
  A juggernaut (Depths:4)
  5 pandemonium lords (Pan)
  The ghost of JeffiDaFish the Hoplite, a legendary GrFi of Okawaru (Pan)
  the Lernaean hydra (Swamp:4)
  Margery (Vaults:4)
  Frederick (Vaults:4)
  7 golden dragons
  Xtahua (Depths:3)
  Nikola (Swamp:3)
  A Tzitzimitl (Pan)
  10 Brimstone Fiends (Pan)
  9 tentacled monstrosities
  4 Ice Fiends
  11 Hell Sentinels (Pan)
  6 liches
  Rupert (D:12)
  8 titans
  2 deep elf blademasters (Elf:3)
  2 deep elf master archers (Elf:3)
  Asterion (Vaults:2)
  A quicksilver dragon (Vaults:4)
  3 Executioners (Pan)
  14 acid blobs
  An ancient champion (Vaults:2)
  Agnes (D:14)
  7 sphinxes
  4 storm dragons
  2 thorn hunters
  Kirke (Lair:4)
  9 tengu reavers
  9 nagarajas
  13 shadow dragons
  7 azure jellies
  8 frost giants
  25 large abominations
  A draconian knight (Depths:5)
  13 deep elf sorcerers
  11 fire giants
  Louise (Snake:2)
  5 warmongers (Pan)
  8 cacodemons (Pan)
  Aizul (Snake:4)
  3 orc warlords
  A juggernaut zombie (Depths:2)
  19 balrugs
  A ghoul (Vaults:1)
  4 deep elf elementalists
  13 vault wardens
  2 spriggan defenders (Depths:4)
  4 reapers (Pan)
  30 very ugly things
  20 stone giants
  15 ironheart preservers
  An entropy weaver (Vaults:5)
  An entropy weaver (shapeshifter) (Elf:3)
  A draconian caller (Depths:5)
  6 vampire knights
  3 war gargoyles
  2 grey draconians (Depths:5)
  Nessos (D:13)
  5 deep elf demonologists
  2 black draconians (Depths:5)
  7 black suns (Pan)
  7 deep elf annihilators
  2 white draconians (Depths:5)
  4 lorocyprocas (Pan)
  6 dire elephants (Lair:6)
  11 corrupters (Pan)
  10 spark wasps
  2 mottled draconians (Depths:5)
  3 halazid warlocks (Desolation)
  18 ettins
  2 ragged hierophants (Desolation)
  3 green deaths (Pan)
  11 fire dragons
  3 crystal guardians (Desolation)
  A minotaur (Lab)
  7 blizzard demons (Pan)
  6 deep elf death magi
  3 great orbs of eyes
  8 monstrous demonspawn (Pan)
  13 naga warriors
  33 vault guards
  8 servants of whispers (Desolation)
  3 spriggan air magi
  A catoblepas (Lair:5)
  7 deep elf high priests
  19 yaktaur captains
  7 peacekeepers (Desolation)
  13 ice dragons
  2 hell beasts
  26 hydras
  Harold (D:10)
  5 ghost crabs
  13 centaur warriors
  4 rakshasas
  4 death knights
  15 anacondas
  Erica (D:8)
  5 death yaks (Lair:6)
  25 dancing weapons
  8 ogre magi
  Urug (D:14)
  7 tengu warriors
  8 shock serpents
  8 deep troll earth magi
  A vampire mage (Depths:2)
  6 alligators
  A hell hog (shapeshifter) (Depths:3)
  9 deep troll shamans
  8 spriggans
  2 spriggan berserkers
  20 soul eaters
  15 deep elf knights
  8 naga sharpshooters
  24 hell knights
  2 small abominations (Elf:3)
  65 sun demons
  4 iron trolls
  3 sixfirhies (Pan)
  3 skeletal warriors
  A wretched star (Abyss:3)
  2 salamander mystics (Snake:4)
  2 shadow wraiths
  2 flayed ghosts
  4 unseen horrors
  2 spriggan druids (Swamp:3)
  12 wizards
  10 sea snakes (Snake:4)
  12 shadow demons (Pan)
  9 swamp dragons
  7 glowing orange brains
  5 infernal demonspawn (Pan)
  A sea snake (shapeshifter) (Depths:3)
  8 naga ritualists
  43 deep trolls
  4 gelid demonspawn (Pan)
  A glowing orange brain (shapeshifter) (Depths:5)
  A lindwurm (shapeshifter) (Vaults:2)
  4 hill giants
  10 deep elf archers
  A shambling mangrove (Swamp:3)
  5 torturous demonspawn (Pan)
  5 phantasmal warriors
  A tengu zombie (Depths:4)
  8 necromancers
  A hill giant (shapeshifter) (Vaults:5)
  17 ironbrand convokers
  9 mana vipers
  A sphinx zombie (Depths:4)
  A frost giant zombie (Vaults:3)
  14 harpies
  10 salamanders
  3 wolf spiders
  18 orc knights
  The ghost of Barfbag the Chopper, a novice DsCK of Nemelex Xobeh (D:11)
  66 deep elf magi
  5 manticores
  53 ugly things
  4 orc sorcerers
  9 cyclopes
  34 smoke demons
  An ice statue (IceCv)
  3 shining eyes (Slime:2)
  A spriggan zombie (Depths:2)
  18 naga magi
  44 black mambas
  2 fire giant skeletons
  2 rust devils
  2 black mambas (shapeshifter)
  9 elephants
  2 molten gargoyles (Desolation)
  A centaur zombie (D:13)
  Joseph (D:10)
  A gargoyle (D:15)
  22 orange demons (Pan)
  2 eyes of devastation
  12 guardian serpents
  7 centaur skeletons
  20 vault sentinels
  14 spiny frogs
  4 hellions (Pan)
  2 spiny frogs (shapeshifter)
  A komodo dragon (shapeshifter) (Elf:1)
  2 kobold demonologists
  44 yaktaurs
  4 rime drakes
  8 tengu conjurers
  13 freezing wraiths
  6 komodo dragons
  A spriggan skeleton (Depths:4)
  3 anaconda simulacra (IceCv)
  4 efreet
  9 ice devils
  20 red devils
  5 demonic crawlers
  8 trolls
  A golden dragon simulacrum (IceCv)
  4 hellwings (Pan)
  14 tormentors (Pan)
  A meliai (D:12)
  5 tyrant leeches
  A jumping spider (shapeshifter) (Vaults:3)
  40 saltlings (Desolation)
  A hornet (shapeshifter) (Elf:3)
  A polar bear (Lair:5)
  A two-headed ogre (shapeshifter) (Elf:1)
  14 hornets
  2 tengu simulacra
  7 dream sheep (Lair:6)
  7 blink frogs
  2 human simulacra
  7 hippogriffs
  8 two-headed ogres
  A blink frog (shapeshifter) (Vaults:5)
  75 slime creatures
  2 centaur simulacra (D:15)
  2 hippogriffs (shapeshifter)
  2 redbacks (Vaults:5)
  19 ynoxinuls (Pan)
  6 air elementals
  2 dire elephant simulacra (IceCv)
  6 flying skulls (Depths:3)
  6 shadows
  4 wraiths
  7 water elementals
  A wyvern (shapeshifter) (Vaults:2)
  A vampire (D:9)
  2 fire elementals (Elf:3)
  4 hogs (D:7)
  9 wyverns
  Grum (D:8)
  28 yaks
  2 humans
  4 hungry ghosts
  A steam dragon (D:9)
  5 basilisks
  3 humans (shapeshifter)
  13 chaos spawn (Pan)
  A neqoxec (Pan)
  2 death yak simulacra (IceCv)
  4 mottled dragons
  15 vampire mosquitoes
  5 wargs
  3 harpy simulacra (IceCv)
  26 swamp worms
  18 insubstantial wisps
  A naga (shapeshifter) (Vaults:5)
  A swamp worm (shapeshifter) (Vaults:3)
  45 nagas
  7 porcupines
  2 floating eyes
  6 hell hounds
  5 hydra simulacra (IceCv)
  15 water moccasins
  11 swamp drakes
  64 orc warriors
  An eye of draining (shapeshifter) (Vaults:2)
  2 eyes of draining
  4 sky beasts
  2 ice beasts
  A black bear (shapeshifter) (Vaults:1)
  4 black bears
  31 ogres
  A hornet zombie (D:15)
  3 human skeletons
  14 wolves
  2 ettin simulacra
  7 boggarts
  14 crocodiles
  23 centaurs
  A big kobold (D:14)
  19 bullfrogs
  A bullfrog (shapeshifter) (Depths:1)
  A gnoll sergeant (D:6)
  An earth elemental (Elf:2)
  A deep troll simulacrum (Vaults:1)
  3 wyvern zombies
  2 wyvern skeletons
  A scorpion (shapeshifter) (Depths:2)
  2 scorpions
  9 killer bees
  A swamp dragon simulacrum (IceCv)
  3 electric eels
  3 howler monkeys (D:6)
  2 draconian simulacra (IceCv)
  A bullfrog zombie (D:7)
  9 crimson imps
  6 hounds
  A quasit (D:9)
  A gnoll shaman (D:5)
  3 jellies
  25 orc priests
  23 orc wizards
  18 worker ants
  5 iguanas
  A spriggan simulacrum (IceCv)
  4 troll simulacra (IceCv)
  A wolf simulacrum (IceCv)
  A howler monkey zombie (D:7)
  Robin (D:2)
  13 gnolls
  2 howler monkey skeletons
  5 naga simulacra (IceCv)
  25 adders
  2 river rats
  8 shadow imps
  7 white imps (IceCv)
  9 ufetubi (IceCv)
  4 oozes
  3 adder skeletons
  8 worms
  A dart slug (D:2)
  6 leopard geckos
  93 orcs
  2 giant cockroaches (D:1)
  4 hobgoblins
  12 jackals
  17 kobolds
  7 quokkas
  6 ball pythons
  13 bats
  5 frilled lizards
  11 goblins
  A jackal zombie (D:7)
  11 rats
  2 briar patches (Swamp:1)
  A crawling corpse (Vaults:2)
  A fungus (Lair:4)
  2 pillars of salt (Vaults:3)
  2 plants (Lair:6)
2682 creatures vanquished.

Vanquished Creatures (collateral kills)
  A dancing weapon (Elf:2)
  A shock serpent (Snake:4)
2 creatures vanquished.

Vanquished Creatures (others)
  A naga warrior (Snake:4)
  A hydra (Swamp:4)
  A deep troll (Depths:2)
  A deep elf mage (Elf:1)
  A black mamba (Swamp:4)
  A komodo dragon (Lair:6)
  3 saltlings (Desolation)
  An air elemental (Depths:4)
  A porcupine (Lair:4)
  An orc warrior (Vaults:4)
  An ogre (Vaults:1)
  A boggart (Vaults:2)
  An orc wizard (Orc:2)
  2 white imps (IceCv)
  An orc (Vaults:2)
  4 fungi
  4 plants
26 creatures vanquished.

Grand Total: 2710 creatures vanquished

Notes
Turn   | Place    | Note
-------+----------+-------------------------------------------
     0 | D:1      | JeffiDaFish the Gargoyle Fighter began the quest for the Orb.
     0 | D:1      | Reached XP level 1. HP: 14/14 MP: 1/1
   402 | D:1      | Reached XP level 2. HP: 18/19 MP: 2/2
   687 | D:2      | Reached XP level 3. HP: 20/23 MP: 3/3
  1349 | D:2      | Found a shimmering altar of Xom.
  1350 | D:2      | Found a shimmering altar of Xom.
  1354 | D:2      | Found a shimmering altar of Xom.
  1354 | D:2      | Found a shimmering altar of Xom.
  1354 | D:2      | Found a shimmering altar of Xom.
  1379 | D:2      | Noticed Robin
  1398 | D:2      | Killed Robin
  1398 | D:2      | Reached XP level 4. HP: 11/28 MP: 4/4
  2557 | D:3      | Reached XP level 5. HP: 32/32 MP: 5/5
  2729 | D:4      | Found a radiant altar of Vehumet.
  2890 | D:4      | Found a staircase to the Ecumenical Temple.
  2952 | Temple   | Entered the Ecumenical Temple
  3003 | Temple   | Became a worshipper of Warmaster Okawaru
  3261 | D:4      | Reached XP level 6. HP: 35/38 MP: 6/6
  3521 | D:5      | Entered Level 5 of the Dungeon
  3563 | D:5      | Reached skill level 5 in Shields
  3897 | D:5      | Noticed a sky beast
  3911 | D:5      | Killed a sky beast
  3911 | D:5      | Reached * piety under Okawaru
  3931 | D:5      | Found an opulent altar of Gozag.
  3932 | D:5      | Found a glowing silver altar of Zin.
  3959 | D:5      | Found a white marble altar of Elyvilon.
  4010 | D:5      | Reached XP level 7. HP: 30/43 MP: 7/7
  4281 | D:5      | Reached skill level 5 in Maces & Flails
  4432 | D:5      | Reached skill level 5 in Armour
  4928 | D:6      | Reached skill level 1 in Dodging
  5109 | D:6      | Reached XP level 8. HP: 43/48 MP: 8/8
  5325 | D:6      | Reached ** piety under Okawaru
  5658 | D:6      | Found a deep blue altar of Sif Muna.
  6031 | D:6      | Found a shadowy altar of Dithmenos.
  6161 | D:6      | Reached skill level 5 in Fighting
  6490 | D:7      | Found Voriaghi's Gadget Shop.
  6546 | D:7      | Reached *** piety under Okawaru
  6583 | D:7      | Noticed an unseen horror
  6631 | D:7      | HP: 2/49 [unseen horror (6)]
  6632 | D:7      | Killed an unseen horror
  6632 | D:7      | Reached XP level 9. HP: 3/54 MP: 9/9
  7297 | D:7      | Reached **** piety under Okawaru
  7796 | D:7      | Reached XP level 10. HP: 45/60 MP: 10/10
  8051 | D:8      | Found Doucasu's Food Boutique.
  8069 | D:8      | Found Vochos's Antique Weapon Shop.
  8096 | D:8      | Found Myer's Assorted Antiques.
  8150 | D:8      | Found Etuibee's Armour Boutique.
  8262 | D:8      | Noticed Erica
  8282 | D:8      | Killed Erica
  8282 | D:8      | Reached ***** piety under Okawaru
  8282 | D:8      | Reached skill level 10 in Maces & Flails
  8392 | D:8      | Found a shattered altar of Ashenzari.
  8425 | D:8      | Received a gift from Okawaru
  8452 | D:8      | Noticed Grum
  8459 | D:8      | Killed Grum
  8481 | D:8      | Gained mutation: You are partially covered in rugged brown scales. (AC +1, +3% HP) [potion of mutation]
  8481 | D:8      | Gained mutation: You are resistant to hostile enchantments. (MR+) [potion of mutation]
  8481 | D:8      | Gained mutation: You are agile. (Dex +2) [potion of mutation]
  8579 | D:8      | Found a burning altar of Makhleb.
  8659 | D:9      | Found a hide-covered altar of Uskayaw.
  8659 | D:9      | Found a faded altar of an unknown god.
  8671 | D:9      | Found a faded altar of an unknown god.
  8673 | D:9      | Found a faded altar of an unknown god.
  8675 | D:9      | Found a faded altar of an unknown god.
  9018 | D:9      | Found a snail-covered altar of Cheibriados.
  9175 | D:9      | Found a sacrificial altar of Ru.
  9230 | D:9      | Reached XP level 11. HP: 49/69 MP: 11/11
  9330 | D:10     | Entered Level 10 of the Dungeon
  9572 | D:10     | Noticed an unseen horror
  9592 | D:10     | Killed an unseen horror
  9595 | D:10     | Noticed Joseph
  9597 | D:10     | Found an ancient bone altar of Kikubaaqudgha.
  9610 | D:10     | Killed Joseph
  9615 | D:10     | Noticed an oklob plant
  9720 | D:10     | Noticed Harold
  9739 | D:10     | Killed Harold
  9973 | D:10     | Noticed a hill giant
  9980 | D:10     | Killed a hill giant
 10150 | D:10     | Found a staircase to the Orcish Mines.
 10165 | D:10     | Found a roughly hewn altar of Beogh.
 10620 | D:11     | Reached skill level 1 in Stealth
 10627 | D:11     | Reached skill level 10 in Shields
 10708 | D:11     | Noticed a manticore
 10726 | D:11     | Killed a manticore
 10726 | D:11     | Received a gift from Okawaru
 10845 | D:8      | Bought the +1 cloak of the Eagle {rC+ Dex+4} for 414 gold pieces
 11051 | D:11     | Noticed a centaur warrior
 11062 | D:11     | Killed a centaur warrior
 11175 | D:11     | Noticed Barfbag's ghost (novice DsCK)
 11186 | D:11     | Killed Barfbag's ghost
 11311 | D:11     | Found a portal to a secret trove of treasure.
 11512 | D:11     | Found a staircase to the Lair.
 11566 | Lair:1   | Entered Level 1 of the Lair of Beasts
 11843 | Lair:1   | Reached ****** piety under Okawaru
 11843 | Lair:1   | Reached XP level 12. HP: 68/77 MP: 12/12
 11918 | Lair:1   | Got a smoking marble ring
 11920 | Lair:1   | Identified the ring "Ajeebly" {Ice *Slow Int+4 Dex+2} (You found it on level 1 of the Lair of Beasts)
 11940 | Lair:1   | Identified the +8 morningstar "Nomaog" {drain, +Blink} (You found it on level 1 of the Lair of Beasts)
 12409 | Lair:2   | Found a staircase to the Snake Pit.
 12411 | Lair:2   | Noticed a seven-headed hydra
 12426 | Lair:2   | Killed a seven-headed hydra
 12546 | Lair:2   | Noticed a seven-headed hydra
 12558 | Lair:2   | Killed a seven-headed hydra
 12659 | Lair:2   | Found a labyrinth entrance.
 12724 | Lab      | Entered a labyrinth
 13439 | Lab      | Noticed a minotaur
 13450 | Lab      | Killed a minotaur
 13453 | Lab      | Got brightly glowing swamp dragon scales
 13472 | Lair:2   | Identified the +9 swamp dragon scales of Parts Unknown {rPois rCorr Dex+8 SInv} (You found it in a labyrinth)
 14142 | Lair:3   | Reached skill level 1 in Invocations
 14215 | Lair:3   | Received a gift from Okawaru
 14314 | Lair:3   | Found a staircase to the Swamp.
 14391 | Lair:3   | Noticed an eight-headed hydra
 14405 | Lair:3   | Killed an eight-headed hydra
 14896 | Lair:4   | Reached skill level 10 in Fighting
 14940 | Lair:4   | Reached skill level 10 in Armour
 14962 | Lair:4   | Reached XP level 13. HP: 84/84 MP: 14/14
 15091 | Lair:4   | Noticed Kirke
 15111 | Lair:4   | Killed Kirke
 15111 | Lair:4   | Received a gift from Okawaru
 15633 | Lair:5   | Received a gift from Okawaru
 15639 | Lair:5   | Identified the +0 morningstar of Wagia {holy, MR+} (Okawaru gifted it to you on level 5 of the Lair of Beasts)
 16219 | Lair:6   | Entered Level 6 of the Lair of Beasts
 16892 | Lair:6   | Received a gift from Okawaru
 16946 | Lair:6   | Found a staircase to the Slime Pits.
 17109 | Lair:6   | Gained mutation: Your large and strong wings let you fly indefinitely. [Gargoyle growth]
 17109 | Lair:6   | Reached XP level 14. HP: 92/92 MP: 15/17
 17379 | Lair:6   | Noticed a dire elephant
 17379 | Lair:6   | Noticed a dire elephant
 17399 | Lair:6   | Noticed a dire elephant
 17413 | Lair:6   | Killed a dire elephant
 17422 | Lair:6   | Killed a dire elephant
 17433 | Lair:6   | Killed a dire elephant
 17433 | Lair:6   | Reached skill level 1 in Evocations
 17679 | Lair:6   | Noticed a dire elephant
 17717 | Lair:6   | Killed a dire elephant
 18418 | D:12     | Received a gift from Okawaru
 18646 | D:12     | Noticed Rupert
 18661 | D:12     | Killed Rupert
 18661 | D:12     | Received a gift from Okawaru
 18661 | D:12     | Reached skill level 5 in Invocations
 18725 | D:13     | Reached skill level 5 in Dodging
 18759 | D:13     | Found a burning altar of Makhleb.
 18927 | D:13     | Received a gift from Okawaru
 19153 | D:13     | Noticed Nessos
 19158 | D:13     | Reached XP level 15. HP: 98/98 MP: 19/19
 19193 | D:13     | Killed Nessos
 19571 | D:13     | Found a gate to the Vaults.
 20203 | D:14     | Found a shadowy altar of Dithmenos.
 20268 | D:14     | Noticed Urug
 20284 | D:14     | Killed Urug
 20594 | D:14     | Found Hikkucar's Food Shoppe.
 20594 | D:14     | Noticed Agnes
 20606 | D:14     | Killed Agnes
 20743 | D:15     | Entered Level 15 of the Dungeon
 20928 | D:15     | Received a gift from Okawaru
 21411 | D:15     | Found a staircase to the Depths.
 21461 | D:15     | Received a gift from Okawaru
 21692 | Orc:1    | Entered Level 1 of the Orcish Mines
 21692 | Orc:1    | Found Kuschowk's Weapon Shoppe.
 22235 | Orc:2    | Entered Level 2 of the Orcish Mines
 22235 | Orc:2    | Found Yhuzeih's Weapon Shop.
 22380 | Orc:2    | Found Icidoin's Magic Scroll Shop.
 22380 | Orc:2    | Found Woiroam's Food Emporium.
 22380 | Orc:2    | Found Ujeonikh's Food Shoppe.
 22468 | Orc:2    | Noticed an orc warlord
 22478 | Orc:2    | Reached XP level 16. HP: 98/106 MP: 15/21
 22651 | Orc:2    | Found Nafeisyl's Gadget Boutique.
 23057 | Orc:2    | Found a staircase to the Elven Halls.
 23120 | Orc:2    | Reached skill level 15 in Maces & Flails
 23474 | Swamp:1  | Entered Level 1 of the Swamp
 23475 | Swamp:1  | Found a frozen archway.
 23510 | Swamp:1  | Gained mutation: You have a pair of small horns on your head. [potion of beneficial mutation]
 23515 | IceCv    | Entered an ice cave
 23995 | IceCv    | Noticed an Ice Fiend
 24022 | IceCv    | Killed an Ice Fiend
 24022 | IceCv    | Reached skill level 15 in Shields
 24024 | IceCv    | Received a gift from Okawaru
 24091 | IceCv    | Identified the +4 plate armour "Xaerchuva" {Int+4} (You found it in an ice cave)
 24447 | Swamp:1  | Noticed a thorn hunter
 24465 | Swamp:1  | Killed a thorn hunter
 25059 | Swamp:2  | Reached skill level 5 in Evocations
 25363 | Swamp:3  | Noticed a tentacled monstrosity
 25373 | Swamp:3  | Killed a tentacled monstrosity
 25375 | Swamp:3  | Noticed Mara
 25398 | Swamp:3  | Killed Mara
 25398 | Swamp:3  | Received a gift from Okawaru
 25427 | Swamp:3  | Reached XP level 17. HP: 84/113 MP: 20/22
 25596 | Swamp:3  | Noticed Nikola
 25621 | Swamp:3  | Killed Nikola
 26217 | Swamp:4  | Entered Level 4 of the Swamp
 26443 | Swamp:4  | Received a gift from Okawaru
 26556 | Swamp:4  | Noticed the 27-headed Lernaean hydra
 26575 | Swamp:4  | Killed the 27-headed Lernaean hydra
 26679 | Swamp:4  | Got a decaying rune of Zot
 27146 | Snake:1  | Entered Level 1 of the Snake Pit
 27946 | Snake:2  | Noticed Louise
 27969 | Snake:2  | Killed Louise
 27969 | Snake:2  | Received a gift from Okawaru
 28160 | Snake:2  | Reached XP level 18. HP: 96/120 MP: 24/24
 28610 | Snake:2  | Reached skill level 15 in Armour
 28930 | Snake:3  | Gained mutation: Your movements are slightly less encumbered by armour. (ER -2) [potion of beneficial mutation]
 28994 | Snake:3  | Received a gift from Okawaru
 29019 | Snake:3  | Reached skill level 15 in Fighting
 29859 | Snake:4  | Entered Level 4 of the Snake Pit
 30130 | Snake:4  | Received a gift from Okawaru
 30175 | Snake:4  | Noticed Aizul
 30209 | Snake:4  | Killed Aizul
 30244 | Snake:4  | HP: 4/122 [shock serpent/bolt of electricity (11)]
 30655 | Snake:4  | Reached XP level 19. HP: 92/127 MP: 26/26
 30834 | Snake:4  | Got a serpentine rune of Zot
 30876 | Snake:4  | Received a gift from Okawaru
 31804 | Vaults:1 | Entered Level 1 of the Vaults
 32488 | Vaults:1 | Received a gift from Okawaru
 32899 | Vaults:1 | Reached skill level 10 in Invocations
 33488 | Vaults:2 | Found a staircase to the Crypt.
 33510 | Vaults:2 | Reached XP level 20. HP: 135/135 MP: 27/27
 33709 | Vaults:2 | Received a gift from Okawaru
 34370 | Vaults:2 | Noticed Asterion
 34387 | Vaults:2 | Killed Asterion
 35225 | Vaults:3 | Received a gift from Okawaru
 35251 | Vaults:3 | Got a crude shield {god gift}
 35262 | Vaults:3 | Identified the +0 shield of Tirghac {rElec Str+2} (Okawaru gifted it to you on level 3 of the Vaults)
 35455 | Vaults:3 | Found a ruined gateway.
 35466 | Desolati | Entered the Desolation of Salt
 35713 | Desolati | Got a warped wooden ring
 35715 | Desolati | Identified the ring "Nirred" {Fire Str+2} (You found it in the Desolation of Salt)
 35804 | Desolati | Reached XP level 21. HP: 44/143 MP: 29/29
 36345 | Desolati | Got a spiked cloak
 36351 | Desolati | Identified the -3 cloak of Wukheng {-Tele MR+ rCorr} (You found it in the Desolation of Salt)
 36745 | Vaults:3 | Received a gift from Okawaru
 37180 | Vaults:3 | Learned a level 7 spell: Orb of Destruction
 37249 | Vaults:3 | Reached skill level 1 in Conjurations
 37640 | Vaults:4 | Reached skill level 1 in Spellcasting
 37757 | Vaults:4 | Received a gift from Okawaru
 38400 | Vaults:4 | Got a spiked cloak
 38411 | Vaults:4 | Identified the +2 cloak of the Sky {rPois rF- MR+ Regen+} (You found it on level 4 of the Vaults)
 38492 | Vaults:4 | Noticed Margery
 38503 | Vaults:4 | Noticed a golden dragon
 38508 | Vaults:4 | Killed Margery
 38520 | Vaults:4 | Reached XP level 22. HP: 126/150 MP: 26/30
 38538 | Vaults:4 | Reached skill level 5 in Conjurations
 38563 | Vaults:4 | Killed a golden dragon
 38842 | Vaults:4 | Paralysed by a floating eye for 3 turns
 38856 | Vaults:4 | Received a gift from Okawaru
 38942 | Vaults:4 | Identified the cursed +1 plate armour of Joy {Regen+ Dex-5 Slay+2} (You found it on level 4 of the Vaults)
 38984 | Vaults:4 | Identified the Catalogue of Transmigration and Displacement
 39238 | Vaults:4 | Noticed Frederick
 39254 | Vaults:4 | Killed Frederick
 39254 | Vaults:4 | Reached skill level 10 in Dodging
 39458 | Vaults:5 | Entered Level 5 of the Vaults
 39790 | Vaults:5 | Learned a level 6 spell: Iron Shot
 39840 | Vaults:5 | Received a gift from Okawaru
 39869 | Vaults:5 | Noticed an ancient lich
 40232 | Vaults:5 | Reached XP level 23. HP: 157/157 MP: 27/31
 40256 | Vaults:5 | Killed an ancient lich
 40256 | Vaults:5 | Received a gift from Okawaru
 40314 | Vaults:5 | Noticed an ancient lich
 40339 | Vaults:5 | Noticed an ancient lich
 40339 | Vaults:5 | Killed an ancient lich
 40389 | Vaults:5 | Killed an ancient lich
 40598 | Vaults:5 | Reached skill level 1 in Earth Magic
 41062 | Vaults:5 | Identified the Catalogue of the Eight Runes
 41121 | Vaults:5 | Received a gift from Okawaru
 41455 | Vaults:5 | Noticed an ancient lich
 41469 | Vaults:5 | Killed an ancient lich
 41469 | Vaults:5 | Reached skill level 5 in Spellcasting
 41474 | Vaults:5 | Received a gift from Okawaru
 41474 | Vaults:5 | Reached skill level 10 in Conjurations
 41551 | Vaults:5 | Got a silver rune of Zot
 41877 | Vaults:5 | Noticed a golden dragon
 41908 | Vaults:5 | Killed a golden dragon
 41977 | Vaults:5 | Reached XP level 24. HP: 164/164 MP: 31/31
 42058 | Vaults:5 | Noticed an ancient lich
 42088 | Vaults:5 | Killed an ancient lich
 42204 | Vaults:5 | Identified the Incunabulum of Shape Shifting and Arcane Weapons
 42627 | Depths:1 | Entered Level 1 of the Depths
 42711 | Depths:1 | Found a gateway to a ziggurat.
 43222 | Depths:1 | Paralysed by a sphinx for 7 turns
 43492 | Depths:1 | Received a gift from Okawaru
 43575 | Depths:1 | Found a gateway to Hell.
 43630 | Depths:2 | Reached skill level 5 in Earth Magic
 43739 | Depths:2 | Found a sparkling altar of Nemelex Xobeh.
 43808 | Depths:2 | Found Keewkod's Distillery.
 43967 | Depths:2 | Found Zodoapt's Assorted Antiques.
 44248 | Depths:2 | Found an iron altar of Okawaru.
 44262 | Depths:2 | Received a gift from Okawaru
 44309 | Depths:2 | Found Qetav's General Store.
 44543 | Depths:3 | Found Gozag's Antique Armour Boutique.
 44566 | Depths:3 | Found an opulent altar of Gozag.
 44568 | Depths:3 | Noticed Xtahua
 44590 | Depths:3 | Found Gozag's Antique Weapon Shop.
 44616 | Depths:3 | Killed Xtahua
 44616 | Depths:3 | Reached XP level 25. HP: 80/173 MP: 30/33
 44746 | Depths:3 | Found Gozag's Antique Weapon Shop.
 44891 | Depths:3 | Bought a pair of embroidered boots for 1050 gold pieces
 45253 | Depths:3 | Found a one-way gate leading to the halls of Pandemonium.
 45953 | Depths:4 | Received a gift from Okawaru
 46082 | Depths:4 | Noticed a juggernaut
 46084 | Depths:4 | Noticed an ancient lich
 46168 | Depths:4 | Killed an ancient lich
 46183 | Depths:4 | Killed a juggernaut
 46278 | Depths:4 | Paralysed by a floating eye for 2 turns
 46288 | Depths:4 | Paralysed by a floating eye for 4 turns
 46582 | Depths:4 | Reached XP level 26. HP: 133/181 MP: 33/35
 47010 | Depths:4 | Received a gift from Okawaru
 47054 | Depths:4 | Found a one-way gate to the infinite horrors of the Abyss.
 47060 | Depths:4 | Got a faintly humming large shield {god gift}
 47071 | Depths:4 | Identified the +7 large shield of the Burgomaster {rPois rC+} (Okawaru gifted it to you on level 4 of the Depths)
 47208 | Depths:5 | Entered Level 5 of the Depths
 47857 | Depths:5 | Found a gate to the Realm of Zot.
 48426 | Elf:1    | Entered Level 1 of the Elven Halls
 48585 | Elf:1    | Gained mutation: You are mostly covered in rugged brown scales. (AC +2, +5% HP) [potion of beneficial mutation]
 48586 | Elf:1    | Gained mutation: Your natural rate of healing is unusually fast. [potion of beneficial mutation]
 48637 | Elf:1    | Cast into level 3 of the Abyss (trident of distortion)
 48698 | Elf:1    | Escaped the Abyss
 49459 | Elf:2    | Found a radiant altar of Vehumet.
 49576 | Elf:2    | Received a gift from Okawaru
 49631 | Elf:2    | Gained mutation: You passively map a small area around you. [potion of beneficial mutation]
 49646 | Elf:2    | Found a runed gate.
 49646 | Elf:2    | Found a runed gate.
 49683 | Elf:2    | Found a runed gate.
 50301 | Elf:3    | Entered Level 3 of the Elven Halls
 51135 | Elf:3    | Reached XP level 27. HP: 179/191 MP: 36/36
 51319 | Elf:3    | Received a gift from Okawaru
 51323 | Elf:3    | Reached skill level 10 in Earth Magic
 51328 | Elf:3    | Identified the +9 morningstar of Xutsyet {venom, rPois rC++ Int-3} (Okawaru gifted it to you on level 3 of the Elven Halls)
 51340 | Elf:3    | Identified the cursed +0 flail "Baikk" {pain, rF- rN++ Dex+8} (You took it off a deep elf demonologist on level 3 of the Elven Halls)
 51460 | Elf:3    | Identified Sif Muna's Volume of the Voyage and Good Luck
 51524 | Elf:3    | Got a fine brass ring
 51526 | Elf:3    | Identified the ring "Zur Simu" {+Blink rN+ MP+9} (You found it on level 3 of the Elven Halls)
 51600 | Elf:3    | Identified the Handbook of the Dislocated Rocks
 51608 | Elf:3    | Learned a level 3 spell: Mephitic Cloud
 51614 | Elf:3    | Learned a level 3 spell: Ignite Poison
 51999 | Slime:1  | Entered Level 1 of the Pits of Slime
 53078 | Slime:1  | You are sucked into a shaft!
 53736 | Slime:2  | Gained mutation: Your body sometimes deteriorates upon taking damage. [a shining eye]
 53742 | Slime:2  | Gained mutation: You are frail. (-10% HP) [a shining eye]
 53744 | Slime:2  | Gained mutation: Your spells are a little easier to cast, but a little less powerful. [a shining eye]
 53748 | Slime:2  | Gained mutation: You are weak. (Str -2) [a shining eye]
 53750 | Slime:2  | Lost mutation: Your movements are slightly less encumbered by armour. (ER -2) [potion of cure mutation]
 53750 | Slime:2  | Lost mutation: You are resistant to hostile enchantments. (MR+) [potion of cure mutation]
 53750 | Slime:2  | Lost mutation: Your spells are a little easier to cast, but a little less powerful. [potion of cure mutation]
 53750 | Slime:2  | Lost mutation: Your natural rate of healing is unusually fast. [potion of cure mutation]
 53750 | Slime:2  | Lost mutation: You are agile. (Dex +2) [potion of cure mutation]
 53751 | Slime:2  | Lost mutation: You have a pair of small horns on your head. [potion of cure mutation]
 53751 | Slime:2  | Lost mutation: You passively map a small area around you. [potion of cure mutation]
 53751 | Slime:2  | Lost mutation: You are weak. (Str -2) [potion of cure mutation]
 53751 | Slime:2  | Lost mutation: You are frail. (-10% HP) [potion of cure mutation]
 53751 | Slime:2  | Lost mutation: Your body sometimes deteriorates upon taking damage. [potion of cure mutation]
 53767 | Slime:3  | Received a gift from Okawaru
 54177 | Hell     | Entered the Vestibule of Hell
 54177 | Hell     | Noticed Geryon
 54512 | Pan      | Entered Pandemonium
 54843 | Pan      | Found an exit through the horrors of the Abyss.
 54866 | Pan      | Gained mutation: Scrolls take you a little longer to read. [a cacodemon]
 55846 | Pan      | Noticed Acick the pandemonium lord
 55898 | Pan      | Killed Acick the pandemonium lord
 55952 | Pan      | Reached skill level 10 in Spellcasting
 56654 | Pan      | Found an exit through the horrors of the Abyss.
 56798 | Pan      | Found a runed door.
 57304 | Pan      | Received a gift from Okawaru
 57463 | Pan      | Noticed Tirphuf the pandemonium lord
 57486 | Pan      | Killed Tirphuf the pandemonium lord
 57552 | Pan      | Reached skill level 15 in Conjurations
 57749 | Pan      | Received a gift from Okawaru
 57955 | Pan      | Gained mutation: You expend magic power (3 MP) to strengthen your wands. [a cacodemon]
 58207 | Pan      | Noticed Osulecul the pandemonium lord
 58230 | Pan      | Killed Osulecul the pandemonium lord
 58304 | Pan      | Noticed JeffiDaFish's ghost (legendary GrFi)
 58494 | Pan      | Killed JeffiDaFish's ghost
 59524 | Pan      | Found a huge runed gate.
 59528 | Pan      | Found an exit through the horrors of the Abyss.
 60161 | Pan      | Noticed Irghonki the pandemonium lord
 60342 | Pan      | Killed Irghonki the pandemonium lord
 60790 | Pan      | HP: 5/195 [Hell Sentinel/damnation (30)]
 61266 | Pan      | Entered the realm of Cerebov.
 61433 | Pan      | Received a gift from Okawaru
 61458 | Pan      | Noticed Cerebov
 61658 | Pan      | Killed Cerebov
 61658 | Pan      | Received a gift from Okawaru
 61789 | Pan      | Got a scintillating silver ring
 61801 | Pan      | Identified the cursed ring "Kooguat" {rElec EV-2} (You took it off a balrug in Pandemonium)
 61815 | Pan      | Identified Tischoweibb's Catalogue of Flamy Execration
 61817 | Pan      | Identified Sif Muna's Collected Works on Assistive Necromancy
 61874 | Pan      | Identified Ythaps's Reference Book on Displaced Clay
 61886 | Pan      | Learned a level 9 spell: Shatter
 61887 | Pan      | Identified Lee's Handbook of Earthen Attacks
 61891 | Pan      | Identified Hermeneutics for Beginners
 62446 | Pan      | Found an exit through the horrors of the Abyss.
 62775 | Pan      | Got a fiery rune of Zot
 63128 | Pan      | Found an exit through the horrors of the Abyss.
 63266 | Pan      | Noticed Jyas the pandemonium lord
 63287 | Pan      | Killed Jyas the pandemonium lord
 64185 | Pan      | Killed from afar by a Brimstone Fiend

Skill      XL: |  1  2  3  4  5  6  7  8  9 10 11 12 13 14 15 16 17 18 19 20 21 22 23 24 25 26 27 |
---------------+----------------------------------------------------------------------------------+-----
Shields        | 4 5 7 8 9 11 12 13 14 15 16 17 18 19 20 21 23 | 23.7
Armour         | 4 5 6 7 8 10 11 12 13 14 15 16 17 18 19 20 21 23 | 23.3
Maces & Flails | 3 4 6 8 9 11 12 13 14 15 16 17 18 19 20 22 | 22.7
Fighting       | 4 5 6 7 8 10 11 12 13 14 15 16 17 18 19 20 21 23 | 23.3
Dodging        | 1 2 3 4 5 6 7 8 9 10 | 10.4
Stealth        | 1 2 |  2.3
Invocations    | 2 4 5 6 7 8 9 10 11 | 11.1
Evocations     | 3 4 5 6 |  6.6
Conjurations   | 4 8 10 12 13 14 15 | 15.9
Spellcasting   | 2 3 5 6 8 9 11 | 11.6
Earth Magic    | 3 6 8 9 13 | 13.0

Action                   |  1- 3 |  4- 6 |  7- 9 | 10-12 | 13-15 | 16-18 | 19-21 | 22-24 | 25-27 || total
-------------------------+-------+-------+-------+-------+-------+-------+-------+-------+-------++-------
Melee: Flail             |   132 |   263 |   480 |   553 |     3 |       |       |       |       ||  1431
       Morningstar       |       |       |       |   189 |  1242 |  1608 |  2098 |  1693 |  4454 || 11284
       Headbutt          |       |       |       |       |       |   558 |   898 |   721 |   781 ||  2958
 Cast: Iron Shot         |       |       |       |       |       |       |       |       |     9 ||     9
       Orb of Destructio |       |       |       |       |       |       |       |       |     1 ||     1
Invok: Heroism           |       |       |     1 |       |       |     2 |     1 |     1 |     4 ||     9
       Finesse           |       |       |       |       |     4 |     8 |    15 |    10 |    27 ||    64
 Abil: Fly               |       |       |       |       |     1 |       |       |     1 |       ||     2
       Evoke Blink       |       |       |       |       |     2 |     2 |     2 |     3 |     1 ||    10
       Stop Flying       |       |       |       |       |       |       |       |     1 |       ||     1
Evoke: Phantom mirror    |       |       |       |       |       |     1 |       |       |       ||     1
       Wand              |       |       |       |       |       |       |       |       |     4 ||     4
  Use: Scroll            |     4 |     2 |     5 |    11 |    19 |     9 |     7 |    13 |    25 ||    95
       Potion            |     1 |     3 |     7 |     6 |     1 |    10 |     2 |     1 |    15 ||    46
 Stab: Invisible         |       |       |       |     6 |       |       |       |       |       ||     6
       Sleeping          |       |       |       |     1 |    11 |    15 |    11 |     3 |    14 ||    55
       Paralysed         |       |       |       |     1 |       |       |       |       |       ||     1
       Distracted        |       |       |       |       |     5 |     3 |       |     1 |     8 ||    17
       Confused          |       |       |       |       |       |       |       |       |     1 ||     1
  Eat: Chunk             |     2 |     9 |    13 |    30 |    26 |    25 |    26 |    22 |    42 ||   195
       Royal jelly       |       |       |       |     1 |       |     1 |       |       |     1 ||     3
       Pizza             |       |       |       |       |       |     1 |     1 |       |       ||     2
       Meat ration       |       |       |       |       |       |       |       |       |     5 ||     5
       Beef jerky        |       |       |       |       |       |       |       |       |     3 ||     3
Armor: Chain mail        |    85 |   216 |   285 |       |       |       |       |       |       ||   586
       Scale mail        |     4 |       |       |       |       |       |       |       |       ||     4
       Plate armour      |       |       |    44 |   425 |       |       |     1 |       |       ||   470
       Swamp dragon scal |       |       |       |    52 |   555 |   695 |   366 |   422 |   969 ||  3059
Dodge: Dodged            |    40 |    77 |   122 |   210 |   607 |   772 |   738 |   580 |  1517 ||  4663
Block: Shield            |    87 |   155 |   268 |   530 |   804 |       |       |       |       ||  1844
       Large shield      |       |       |       |       |   233 |  2014 |  2153 |  1731 |  5536 || 11667
